 Dungeon Crawl Stone Soup version 0.19.0-1-g5985abe (webtiles) character file.

42 lorenzova the Conjurer (level 3, -1/19 HPs)
             Began as a Deep Elf Conjurer on Nov 2, 2016.
             Killed from afar by Sigmund (8 damage)
             ... with a puff of flame
             ... on level 2 of the Dungeon.
             The game lasted 00:02:20 (1089 turns).

lorenzova the Conjurer (Deep Elf Conjurer)          Turns: 1089, Time: 00:02:20

Health: -1/19      AC:  3    Str:  5    XL:     3   Next: 33%
Magic:  1/10       EV: 13    Int: 20    God:
Gold:   68         SH:  0    Dex: 15    Spells: 1 memorised, 9 levels left

rFire  . . .     SeeInvis .     (no weapon)
rCold  . . .     Gourm    .     a - +0 robe
rNeg   . . .     Faith    .     (no shield)
rPois  .         Spirit   .     (no helmet)
rElec  .         Reflect  .     l - +0 cloak
rCorr  .         Harm     .     (no gloves)
MR     .....                    (no boots)
Stlth  ++........               (no amulet)
                                (no ring)
                                i - ring of wizardry

@: no status effects
A: no striking features
a: no special abilities


You were on level 2 of the Dungeon.
You were not hungry.

You visited 1 branch of the dungeon, and saw 2 of its levels.

You collected 68 gold pieces.

Inventory:

Armour
 a - a +0 robe (worn)
 e - a cursed +0 ring mail
 l - a +0 cloak (worn)
Jewellery
 i - a ring of wizardry (left hand)
Scrolls
 m - a scroll of recharging {unknown}
Potions
 d - a potion of lignification {unknown}
 f - a potion of agility {unknown}
 h - a potion of heal wounds {unknown}
 j - a potion of berserk rage {unknown}
 k - a potion of flight {unknown}
Books
 b - a book of Conjurations

   Spells                             Type                      Level
   a - Magic Dart                     Conjuration                  1
   b - Searing Ray                    Conjuration                  2
   c - Dazzling Spray                 Conjuration/Hexes            3
   d - Fulminant Prism                Conjuration/Hexes            4
   e - Iskenderun's Mystic Blast      Conjuration                  4
   f - Iskenderun's Battlesphere      Conjuration/Charms           5
Comestibles
 c - 2 bread rations
 g - 2 meat rations


   Skills:
 - Level 2.4 Dodging
 - Level 2.4 Stealth
 + Level 4.4 Spellcasting
 + Level 5.0 Conjurations


You had 9 spell levels left.
You knew the following spells:

 Your Spells              Type           Power        Failure   Level  Hunger
a - Magic Dart            Conj           ###.         1%          1    None


Dungeon Overview and Level Annotations

Branches:
Dungeon (2/15)

Altars:

Annotations:
D:2 Sigmund


Message History

Casting: Magic Dart
Confirm with . or Enter, or press ? or * to list all spells.
Aiming: Magic Dart
Press: ? - help, Shift-Dir - straight line The magic dart hits something.
Something hits you.
Casting: Magic Dart
Confirm with . or Enter, or press ? or * to list all spells.
Aiming: Magic Dart
Press: ? - help, Shift-Dir - straight line The magic dart hits something.
Something hits you.
Casting: Magic Dart
Confirm with . or Enter, or press ? or * to list all spells.
You don't know that spell.
Sigmund appears from thin air!
Reactivating autopickup.
Sigmund casts a spell at you. You resist with some effort.
Sigmund casts a spell at you. The puff of flame hits you!
You die...

#...# ##........ #...# #......##.
########...#######.##.#.##. #
#..............>...##†#.##.
.#..#..................##......
#....................)...##.#.##.
......#.#.####...####.......#.##.
..#. #.# #...# #.##......##. ...
#.# #..@# #.##.#....### #.. #.#
#...# #.##......#
#.##..###.####...## #.####....#
†.........†.......###.#####.#.###
.#####.###.........#.......#....
#{###@........############.
#.#...........# #.
#.#.#....#....# #.
#.#.#........... #.


You could see Sigmund.

Vanquished Creatures
  2 adders (D:2)
  A dart slug (D:1)
  A leopard gecko (D:1)
  2 giant cockroaches (D:1)
  2 goblins (D:1)
  2 hobgoblins
  5 kobolds
  3 bats
  A frilled lizard (D:2)
  4 rats
23 creatures vanquished.

Notes
Turn   | Place    | Note
-------+----------+-------------------------------------------
     0 | D:1      | lorenzova the Deep Elf Conjurer began the quest for the Orb.
     0 | D:1      | Reached XP level 1. HP: 10/10 MP: 6/6
   290 | D:1      | Reached XP level 2. HP: 11/15 MP: 6/8
   736 | D:2      | Reached XP level 3. HP: 19/19 MP: 4/10
   919 | D:2      | Reached skill level 5 in Conjurations
  1064 | D:2      | Noticed Sigmund
  1089 | D:2      | Killed from afar by Sigmund

Skill      XL: |  1  2  3 |
---------------+----------+-----
Spellcasting   | 4 |  4.4
Conjurations   | 5 |  5.0
Dodging        | |  2.4
Stealth        | |  2.4

Action                   || total
-------------------------++-------
 Cast: Magic Dart        ||    59
Armor: Robe              ||     1
Dodge: Dodged            ||     5
